 Dungeon Crawl Stone Soup version 0.27-a0-25-g087482e4d5 (webtiles) character file.

Game seed: 7835123471793257593

7 DocSulfur the Ruffian (level 1, 6/16 HPs)
             Began as a Draconian Transmuter on Jan 3, 2021.
             Quit the game on level 1 of the Dungeon.
             The game lasted 00:02:03 (249 turns).

DocSulfur the Ruffian (Draconian Transmuter)         Turns: 249, Time: 00:02:03

Health: 6/16       AC:  4    Str: 12    XL:     1   Next: 83%
Magic:  3/3        EV: 12    Int: 13    God:
Gold:   12         SH:  0    Dex: 11    Spells: 3/4 levels left

rFire    . . .     SeeInvis .     - Unarmed
rCold    . . .     Faith    .   (no shield)
rNeg     . . .     Spirit   .   (armour unavailable)
rPois    .         Reflect  .   (helmet restricted)
rElec    .         Harm     .   (no cloak)
rCorr    .         Rampage  .   (no gloves)
Will     .....                  (no boots)
Stlth    +.........             (no amulet)
HPRegen  0.05/turn              (no ring)
MPRegen  0.08/turn              (no ring)

@: no status effects
A: unfitting armour, cold-blooded, AC +4
a: no special abilities


You were on level 1 of the Dungeon.
You visited 1 branch of the dungeon, and saw 1 of its levels.

You collected 12 gold pieces.

Inventory:

Jewellery
 d - an uncursed ring of flight {unknown}
Scrolls
 a - 3 scrolls of remove curse {unknown}
 b - a scroll of teleportation {unknown}
 c - a scroll of identify {unknown}
Potions
 e - a potion of magic {unknown}


   Skills:
 - Level 1.1 Fighting
 - Level 1.7 Dodging
 * Level 3.2 Unarmed Combat
 + Level 2.1 Spellcasting
 * Level 2.2 Transmutations


You had 3 spell levels left.
You knew the following spells:

 Your Spells              Type           Power        Failure   Level
a - Beastly Appendage     Tmut           14%          10%         1

Your spell library contained the following spells:

 Spells                   Type           Power        Failure   Level
 Wereblood                Tmut           7%           16%         2
 Spider Form              Tmut/Pois      2%           43%         3
 Ice Form                 Ice/Tmut       4%           85%         4
 Blade Hands              Tmut           3%           95%         5


Dungeon Overview and Level Annotations

Branches:
Dungeon (1/15)

Altars:


Innate Abilities, Weirdness & Mutations

Your plain brown scales are hard. (AC +4)
You cannot fit into any form of body armour.
You are cold-blooded and may be slowed by cold attacks.


Message History

Press ? for a list of commands and other information.
e - a murky white potion
Found a ring mail.
A bat comes into view.
The bat moves out of view.
Found a chain mail.
A hobgoblin comes into view.
The hobgoblin shouts!
The bat hits you.
A hobgoblin comes into view. It is wielding a +0 club.
Found a stone staircase leading down.
The hobgoblin shouts!
The bat barely misses you.
A bat comes into view.
The bat closely misses you.
Found 12 gold pieces.
A goblin comes into view.
The bat barely misses you. The bat closely misses you.
Are you sure you want to abandon this character and quit the game? (Confirm with "yes".)

......#
......#######.........#
......'.....+....[.>..#
......#.#####.........##
......#.# #...........
#######.# #...g......#
.######.#####.......g...
......#........bg...#..#
......#.........@b...$..
......#.........[....###
......#.##########..##
......#.# .## .#....#.#
# .'....#.# ##....#.#
#....#.# #....#.# ###


You could see 2 hobgoblins, a goblin and 2 bats.

Vanquished Creatures
  A giant cockroach (D:1)
  2 kobolds (D:1)
  A frilled lizard (D:1)
  2 goblins (D:1)
6 creatures vanquished.

Notes
Turn   | Place    | Note
-------+----------+-------------------------------------------
     0 | D:1      | DocSulfur the Draconian Transmuter began the quest for the
                  | Orb.
     0 | D:1      | Reached XP level 1. HP: 16/16 MP: 3/3
   249 | D:1      | Quit the game

Illustrated notes

Levels and vault maps discovered:
D:1:      kennysheep_arrival_forest, layout_basic, minmay_cupped

Action                   || total
-------------------------++-------
Melee: Unarmed           ||    16
       Kick              ||     1
       Tailslap          ||     1
 Cast: Beastly Appendage ||     3
Armor: Skin              ||     5
Dodge: Dodged            ||    12

Table legend: (Time is in decaauts)
 A = Elapsed time spent in this place.
 B = Non-inter-level travel time spent in this place.
 C = Inter-level travel time spent in this place.
 D = Time resting spent in this place.
 E = Time spent auto-exploring this place.
 F = Levels seen in this place.
 G = Mean time per level.
                   A        B        C        D        E       F      G
               +--------+--------+--------+--------+--------+-----+--------+
         Total |    247 |    247 |      0 |      0 |    154 |   1 |  247.0 |
       Dungeon |    247 |    247 |      0 |      0 |    154 |   1 |  247.0 |
               +--------+--------+--------+--------+--------+-----+--------+

Top non-repeatable levels by time:
     D:1: 247 daAuts
